 Dungeon Crawl Stone Soup version 0.21-a0-536-gdbbf329 (webtiles) character file.

125 robertstho the Magician (level 4, -3/24 HPs)
             Began as a Deep Elf Venom Mage on Dec 14, 2017.
             Slain by a river rat (7 damage)
             ... in a sewer.
             The game lasted 00:11:17 (2640 turns).

robertstho the Magician (Deep Elf Venom Mage)       Turns: 2640, Time: 00:11:18

Health: -3/24      AC:  2    Str:  5    XL:     4   Next: 82%
Magic:  4/12       EV: 13    Int: 21    God:
Gold:   215        SH:  0    Dex: 15    Spells: 8/12 levels left

rFire    . . .     SeeInvis .   t - +3 mace (protect)
rCold    . . .     Gourm    .   (no shield)
rNeg     . . .     Faith    .   a - +0 robe
rPois    .         Spirit   .   (no helmet)
rElec    .         Reflect  .   (no cloak)
rCorr    .         Harm     .   (no gloves)
MR       .....                  (no boots)
Stlth    ++........             (no amulet)
HPRegen  0.08/turn              (no ring)
MPRegen  0.13/turn              (no ring)

@: very slightly contaminated, invisible
A: no striking features
a: no special abilities


You were in a sewer.
You were not hungry.

You visited 1 branch of the dungeon, and saw 3 of its levels.
You also visited: Sewer.

You collected 215 gold pieces.

Inventory:

Hand Weapons
 d - a +0 short sword
 n - a +3 dagger
 t - a +3 mace of protection (weapon)
 B - a +0 hunting sling
Missiles
 j - 124 stones (quivered)
 q - 6 javelins
 r - 23 bolts
 y - 5 curare-tipped needles
 z - 17 sling bullets
Armour
 a - a +0 robe (worn)
 u - a +2 pair of boots
Jewellery
 x - a +5 ring of dexterity {unknown}
Scrolls
 i - a scroll of enchant weapon {unknown}
 l - 2 scrolls of teleportation
 m - 2 scrolls of enchant armour {unknown}
 A - a scroll of fear {unknown}
Potions
 e - a potion of brilliance
 f - a potion of resistance
 k - a potion of mutation
 o - a potion of degeneration
Books
 b - a Young Poisoner's Handbook

   Spells                             Type                      Level
   a - Sting                          Conjuration/Poison           1
   b - Poisonous Vapours              Poison/Air                   2
   c - Mephitic Cloud                 Conjuration/Poison/Air       3
   d - Olgreb's Toxic Radiance        Poison                       4
   e - Venom Bolt                     Conjuration/Poison           5
Comestibles
 c - 2 bread rations
 h - 8 fruits
 p - a meat ration
 s - 2 royal jellies
 C - 2 chunks of flesh


   Skills:
 + Level 0.7 Short Blades
 + Level 2.5 Dodging
 + Level 2.5 Stealth
 * Level 4.5 Spellcasting
 * Level 2.5 Conjurations
 * Level 4.5 Poison Magic


You had 8 spell levels left.
You knew the following spells:

 Your Spells              Type           Power        Failure   Level  Hunger
a - Sting                 Conj/Pois      ###.         2%          1    None
b - Mephitic Cloud        Conj/Pois/Air  ##......     13%         3    ##.....


Dungeon Overview and Level Annotations

Branches:
Dungeon (3/15)

Altars:

Annotations:
D:3 robertstho's ghost, weakling DEVM


Message History

Confirm with . or Enter, or press ? or * to list all spells.
Aiming: Sting
Press: ? - help, Shift-Dir - straight line, f/p - river rat
Aim: a river rat (moderately wounded, poisoned)
The sting hits the river rat.
The river rat appears unharmed.
The river rat is moderately wounded.
The river rat bites you!
Casting: Sting
Confirm with . or Enter, or press ? or * to list all spells.
Aiming: Sting
Press: ? - help, Shift-Dir - straight line, f/p - river rat
Aim: a river rat (moderately wounded, poisoned)
You miscast Sting.
You are very lightly contaminated with residual magic.
You feel faint for a moment. The river rat bites you!
* * * LOW HITPOINT WARNING * * *
It was a potion of invisibility.
You fade into invisibility!
The river rat bites you!
You die... ############### ≈..r..†@rr....# ###############

You could see a river rat and 2 rats.

Vanquished Creatures
  6 adders
  A river rat (Sewer)
  2 worms
  A dart slug (D:1)
  2 leopard geckos
  6 bats
  3 giant cockroaches (D:3)
  5 goblins
  6 hobgoblins (D:2)
  6 jackals
  5 kobolds
  3 frilled lizards
  6 rats
52 creatures vanquished.

Vanquished Creatures (others)
  5 toadstools (D:1)
5 creatures vanquished.

Grand Total: 57 creatures vanquished

Notes
Turn   | Place    | Note
-------+----------+-------------------------------------------
     0 | D:1      | robertstho the Deep Elf Venom Mage began the quest for the Orb.
     0 | D:1      | Reached XP level 1. HP: 10/10 MP: 6/6
   609 | D:1      | Reached XP level 2. HP: 15/15 MP: 5/8
  1075 | D:2      | Reached XP level 3. HP: 19/19 MP: 5/10
  1898 | D:2      | You fall through a shaft!
  1906 | D:3      | Reached XP level 4. HP: 14/24 MP: 8/12
  2084 | D:3      | Noticed robertstho's ghost (weakling DEVM)
  2622 | D:3      | Found a glowing drain.
  2629 | D:3      | Learned a level 3 spell: Mephitic Cloud
  2630 | Sewer    | Entered a sewer
  2640 | Sewer    | Slain by a river rat

Vault maps used:
D:1:      ldierk_walled_garden
D:2:      grunt_decor_one_mirror
D:3:      first_bread, gup_sewer_entry_spiral
Sewer:    sewer_kobolds

Skill      XL: |  1  2  3 |
---------------+----------+-----
Poison Magic   | 4 |  4.5
Conjurations   | 2 |  2.5
Spellcasting   | 4 |  4.5
Short Blades   | |  0.7
Dodging        | |  2.5
Stealth        | |  2.5

Action                   |  1- 3 |  4- 6 || total
-------------------------+-------+-------++-------
Melee: Mace              |    19 |       ||    19
       Short sword       |     4 |       ||     4
       Dagger            |     2 |       ||     2
 Cast: Sting             |    81 |    48 ||   129
  Use: Scroll            |       |     6 ||     6
       Potion            |       |     2 ||     2
  Eat: Chunk             |     2 |     3 ||     5
Armor: Robe              |    14 |     1 ||    15
Dodge: Dodged            |    33 |    11 ||    44

Table legend:
 A = Spawn XP
 B = Non-spawn XP
 C = Spawn XP percentage of total XP
 D = Spawn monster count
 E = Non-spawn monster count
 F = Spawn count percentage of total count
 G = Total turns spent on level
                    A         B        C        D         E        F      G
               +---------+---------+-------+---------+---------+-------+---------
         Total |       0 |     179 |   0.0 |       0 |      52 |   0.0 |  2640
               +---------+---------+-------+---------+---------+-------+---------
           D:1 |       0 |      12 |   0.0 |       0 |       6 |   0.0 |   728
           D:2 |       0 |      81 |   0.0 |       0 |      24 |   0.0 |  1170
           D:3 |       0 |      71 |   0.0 |       0 |      20 |   0.0 |   732
         Sewer |       0 |      15 |   0.0 |       0 |       2 |   0.0 |    10
               +---------+---------+-------+---------+---------+-------+---------
